TOP OF THE 1ST |
Nashua Redlegs batting - Pitching for Beaverton Bronze Souls : RHP Terry Norris
|
Pitching: RHP Terry Norris
|
|
Batting: RHB António López
|
0-0: Called Strike 0-1: Ball 1-1: Ball 2-1: Swinging Strike 2-2: Ball 3-2: Ground out 1-3 (Groundball, P)
|
Batting: RHB Gilberto León
|
0-0: Ball 1-0: SINGLE (Groundball, 34D)
|
Batting: RHB Currito Campos
|
0-0: Swinging Strike 0-1: Called Strike 0-2: Fly out, F9 (Flyball, 89M)
|
Batting: RHB Eleuterio Supardo
|
0-0: Ball 1-0: Ball 2-0: Called Strike 2-1: Ball 3-1: Base on Balls Gilberto León to second
|
Batting: RHB Joe Noble
|
0-0: Foul Ball, location: 2F 0-1: Foul Ball, location: 2F 0-2: Ball 1-2: Foul Ball, location: 2F 1-2: Ball 2-2: Foul Ball, location: 2F 2-2: Ball 3-2: Base on Balls Gilberto León to third Eleuterio Supardo to second
|
Batting: RHB Jorge Valenzuela
|
0-0: Swinging Strike 0-1: Fly out, F6 (Line Drive, 6)
|
Top of the 1st over - 0 run(s), 1 hit(s), 0 error(s), 3 left on base; Nashua 0 - Beaverton 0 |
BOTTOM OF THE 1ST |
Beaverton Bronze Souls batting - Pitching for Nashua Redlegs : RHP Miguel Rodríguez
|
Pitching: RHP Miguel Rodríguez
|
|
Batting: RHB Tom Hughes
|
0-0: Swinging Strike 0-1: Ball 1-1: Ball 2-1: Bunted foul 2-2: Ball 3-2: SINGLE (Line Drive, 6MD)
|
Batting: RHB Rusty Anderson
|
0-0: Foul Ball, location: 2F 0-1: Grounds into double play, 4-6-3 (Groundball, 4D)
|
Batting: SHB Dawson Fowler
|
0-0: Ball 1-0: Ground out 4-3 (Groundball, 4)
|
Bottom of the 1st over - 0 run(s), 1 hit(s), 0 error(s), 0 left on base; Nashua 0 - Beaverton 0 |
TOP OF THE 2ND |
Nashua Redlegs batting - Pitching for Beaverton Bronze Souls : RHP Terry Norris
|
Batting: RHB Alan Evans
|
0-0: Ball 1-0: Foul Ball, location: 2F 1-1: Foul Ball, location: 2F 1-2: Ball 2-2: Ball 3-2: SINGLE (Groundball, 4MD)
|
Batting: RHB Juan Hernández
|
0-0: Ball 1-0: Ball 2-0: Foul Ball, location: 2F 2-1: SINGLE (Groundball, 56S) (infield hit) Alan Evans to second
|
Batting: RHB Katsuhito Ohayashi
|
0-0: Swinging Strike 0-1: Called Strike 0-2: Ball 1-2: Ball 2-2: Strikes out swinging
|
Batting: RHB António López
|
0-0: Called Strike 0-1: Ground out U3 (Groundball, 34S) Alan Evans to third Juan Hernández to second
|
Batting: RHB Gilberto León
|
0-0: Called Strike 0-1: Fly out, F9 (Flyball, 9S)
|
Top of the 2nd over - 0 run(s), 2 hit(s), 0 error(s), 2 left on base; Nashua 0 - Beaverton 0 |
BOTTOM OF THE 2ND |
Beaverton Bronze Souls batting - Pitching for Nashua Redlegs : RHP Miguel Rodríguez
|
Batting: RHB Carlos Guevara
|
0-0: Called Strike 0-1: Ball 1-1: Ball 2-1: Swinging Strike 2-2: Fly out, F7 (Flyball, 7S)
|
Batting: RHB José Dávila
|
0-0: Called Strike 0-1: Called Strike 0-2: SINGLE (Line Drive, 4D)
|
Batting: RHB David Kerr
|
0-0: Ball 1-0: Fielders Choice at 2nd, 6-4 (Groundball, 6D)
|
Batting: LHB Luis Aragón
|
0-0: Fly out, F5 (Line Drive, 5L)
|
Bottom of the 2nd over - 0 run(s), 1 hit(s), 0 error(s), 1 left on base; Nashua 0 - Beaverton 0 |
TOP OF THE 3RD |
Nashua Redlegs batting - Pitching for Beaverton Bronze Souls : RHP Terry Norris
|
Batting: RHB Currito Campos
|
0-0: Called Strike 0-1: Ball 1-1: Ball 2-1: Foul Ball, location: 2F 2-2: Foul Ball, location: 2F 2-2: Ball 3-2: Foul Ball, location: 2F 3-2: SINGLE (Groundball, 56D)
|
Batting: RHB Eleuterio Supardo
|
0-0: Ball 1-0: 2-RUN HOME RUN (Flyball, 7D), Distance : 385 ft
|
Batting: RHB Joe Noble
|
0-0: Ball 1-0: Ball 2-0: Ball 3-0: Called Strike 3-1: Foul Ball, location: 2F 3-2: Fly out, F8 (Flyball, 8RD)
|
Batting: RHB Jorge Valenzuela
|
0-0: Called Strike 0-1: Ground out 4-3 (Groundball, 4)
|
Batting: RHB Alan Evans
|
0-0: Foul Ball, location: 2F 0-1: Ball 1-1: Called Strike 1-2: Foul Ball, location: 2F 1-2: Ball 2-2: Strikes out swinging
|
Top of the 3rd over - 2 run(s), 2 hit(s), 0 error(s), 0 left on base; Nashua 2 - Beaverton 0 |
BOTTOM OF THE 3RD |
Beaverton Bronze Souls batting - Pitching for Nashua Redlegs : RHP Miguel Rodríguez
|
Batting: RHB Joe Brinkman
|
0-0: Swinging Strike 0-1: Swinging Strike 0-2: Ground out 5-3 (Groundball, 56)
|
Batting: SHB Alberto Sandoval
|
0-0: Ball 1-0: Called Strike 1-1: Ball 2-1: Ball 3-1: Foul Ball, location: 2F 3-2: Base on Balls
|
Batting: RHB Tom Hughes
|
0-0: Swinging Strike 0-1: Ball 1-1: Foul Ball, location: 2F 1-2: Foul Ball, location: 2F 1-2: Foul Ball, location: 2F 1-2: Grounds into double play, 5-4-3 (Groundball, 56)
|
Bottom of the 3rd over - 0 run(s), 0 hit(s), 0 error(s), 0 left on base; Nashua 2 - Beaverton 0 |
TOP OF THE 4TH |
Nashua Redlegs batting - Pitching for Beaverton Bronze Souls : RHP Terry Norris
|
Batting: RHB Juan Hernández
|
0-0: Ball 1-0: Ball 2-0: SINGLE (Groundball, 6MD)
|
Pitching: RHP Víctor Hernández
|
|
Batting: RHB Katsuhito Ohayashi
|
0-0: Hit by Pitch Juan Hernández to second
|
Batting: RHB António López
|
0-0: Foul Ball, location: 2F 0-1: Ball 1-1: Foul Ball, location: 2F 1-2: Foul Ball, location: 2F 1-2: Strikes out looking
|
Batting: RHB Gilberto León
|
0-0: Called Strike 0-1: Ball 1-1: Called Strike 1-2: Foul Ball, location: 2F 1-2: Ball 2-2: Strikes out swinging
|
Batting: RHB Currito Campos
|
0-0: Foul Ball, location: 2F 0-1: Foul Ball, location: 2F 0-2: Fly out, F7 (Line Drive, 7)
|
Top of the 4th over - 0 run(s), 1 hit(s), 0 error(s), 2 left on base; Nashua 2 - Beaverton 0 |
BOTTOM OF THE 4TH |
Beaverton Bronze Souls batting - Pitching for Nashua Redlegs : RHP Miguel Rodríguez
|
Batting: RHB Rusty Anderson
|
0-0: Swinging Strike 0-1: Swinging Strike 0-2: Foul Ball, location: 2F 0-2: Foul Ball, location: 2F 0-2: Ball 1-2: Strikes out looking
|
Batting: SHB Dawson Fowler
|
0-0: Called Strike 0-1: Ball 1-1: Ball 2-1: SOLO HOME RUN (Flyball, 9LD), Distance : 332 ft
|
Batting: RHB Carlos Guevara
|
0-0: DOUBLE (Groundball, 5L)
|
Batting: RHB José Dávila
|
0-0: Called Strike 0-1: Reached on error, E1 (Groundball, 15S) Carlos Guevara to third
|
Batting: RHB David Kerr
|
0-0: Ball 1-0: Ball 2-0: Foul Ball, location: 2F 2-1: Grounds into double play, 6-4-3 (Groundball, 6)
|
Bottom of the 4th over - 1 run(s), 2 hit(s), 1 error(s), 1 left on base; Nashua 2 - Beaverton 1 |
TOP OF THE 5TH |
Nashua Redlegs batting - Pitching for Beaverton Bronze Souls : RHP Víctor Hernández
|
Batting: RHB Eleuterio Supardo
|
0-0: Called Strike 0-1: Ball 1-1: Fly out, F9 (Flyball, 9S)
|
Batting: RHB Joe Noble
|
0-0: Ball 1-0: Ball 2-0: Called Strike 2-1: Foul Ball, location: 2F 2-2: Strikes out swinging
|
Batting: RHB Jorge Valenzuela
|
0-0: Called Strike 0-1: Foul Ball, location: 2F 0-2: Strikes out looking
|
Top of the 5th over - 0 run(s), 0 hit(s), 0 error(s), 0 left on base; Nashua 2 - Beaverton 1 |
BOTTOM OF THE 5TH |
Beaverton Bronze Souls batting - Pitching for Nashua Redlegs : RHP Miguel Rodríguez
|
Batting: LHB Luis Aragón
|
0-0: Fly out, F8 (Line Drive, 8LM)
|
Batting: RHB Joe Brinkman
|
0-0: SINGLE (Line Drive, 7LS)
|
Batting: SHB Alberto Sandoval
|
0-0: Ball 1-0: Ball 2-0: Called Strike 2-1: Foul Ball, location: 2F 2-2: Foul Ball, location: 2F 2-2: Foul Ball, location: 2F 2-2: Ball 3-2: SINGLE (Line Drive, 6M) Joe Brinkman to second
|
Batting: RHB Tom Hughes
|
0-0: Called Strike 0-1: Foul Ball, location: 2F 0-2: Ball 1-2: Foul Ball, location: 2F 1-2: Ball 2-2: Foul Ball, location: 2F 2-2: Foul Ball, location: 2F 2-2: Ball 3-2: SINGLE (Line Drive, 78S) Joe Brinkman to third Alberto Sandoval to second
|
Batting: RHB Rusty Anderson
|
0-0: Swinging Strike 0-1: Swinging Strike 0-2: Strikes out looking
|
Batting: SHB Dawson Fowler
|
0-0: Foul Ball, location: 2F 0-1: Foul Ball, location: 2F 0-2: Strikes out looking
|
Bottom of the 5th over - 0 run(s), 3 hit(s), 0 error(s), 3 left on base; Nashua 2 - Beaverton 1 |
TOP OF THE 6TH |
Nashua Redlegs batting - Pitching for Beaverton Bronze Souls : RHP Víctor Hernández
|
Batting: RHB Alan Evans
|
0-0: Swinging Strike 0-1: Called Strike 0-2: Foul Ball, location: 2F 0-2: Ball 1-2: Strikes out swinging
|
Batting: RHB Juan Hernández
|
0-0: Called Strike 0-1: Ball 1-1: Foul Ball, location: 2F 1-2: Foul Ball, location: 2F 1-2: Ground out 6-3 (Groundball, 6)
|
Batting: RHB Katsuhito Ohayashi
|
0-0: SINGLE (Line Drive, 89S)
|
Batting: RHB António López
|
0-0: Called Strike 0-1: Ball 1-1: Ball 2-1: Ball 3-1: 2-RUN HOME RUN (Flyball, 7D), Distance : 368 ft
|
Pitching: RHP Ben Hepworth
|
|
Batting: RHB Gilberto León
|
0-0: Ball 1-0: Ball 2-0: Called Strike 2-1: Swinging Strike 2-2: Ball 3-2: Strikes out looking
|
Top of the 6th over - 2 run(s), 2 hit(s), 0 error(s), 0 left on base; Nashua 4 - Beaverton 1 |
BOTTOM OF THE 6TH |
Beaverton Bronze Souls batting - Pitching for Nashua Redlegs : RHP Miguel Rodríguez
|
Batting: RHB Carlos Guevara
|
0-0: Called Strike 0-1: Foul Ball, location: 2F 0-2: Ball 1-2: DOUBLE (Line Drive, 78M)
|
Pitching: RHP Guillermo Hernández
|
|
Batting: RHB José Dávila
|
0-0: Ball 1-0: Ball 2-0: Ball 3-0: Called Strike 3-1: Foul Ball, location: 2F 3-2: Ground out 6-3 (Groundball, 6)
|
Batting: RHB David Kerr
|
0-0: Ball 1-0: Ball 2-0: Ball 3-0: Called Strike 3-1: Base on Balls
|
Batting: LHB Luis Aragón
|
0-0: Foul Ball, location: 2F 0-1: Ball 1-1: Ball 2-1: Ball 3-1: Base on Balls Carlos Guevara to third David Kerr to second
|
Batting: RHB Joe Brinkman
|
0-0: Ball Wild Pitch! Carlos Guevara scores David Kerr to third Luis Aragón to second 1-0: Foul Ball, location: 2F 1-1: SINGLE (Flyball, 7S) David Kerr scores Luis Aragón to third Runner from 3rd tries for Home, SAFE, throw made home Joe Brinkman to second
|
Batting: SHB Alberto Sandoval
|
0-0: Called Strike 0-1: Ball 1-1: Ball 2-1: Ball 3-1: Called Strike 3-2: Base on Balls
|
Batting: RHB Tom Hughes
|
0-0: Called Strike 0-1: Ball 1-1: Foul Ball, location: 2F 1-2: Ball 2-2: Fly out, F6 (Line Drive, 6M)
|
Batting: RHB Rusty Anderson
|
0-0: TRIPLE (Flyball, 7LM) Joe Brinkman scores Alberto Sandoval scores
|
Pitching: LHP Salvatorio Navegero
|
|
Batting: SHB Dawson Fowler
|
0-0: Ball Steal of home, Rusty Anderson is out
|
Bottom of the 6th over - 5 run(s), 3 hit(s), 0 error(s), 0 left on base; Nashua 4 - Beaverton 6 |
TOP OF THE 7TH |
Nashua Redlegs batting - Pitching for Beaverton Bronze Souls : RHP Ben Hepworth
|
Batting: RHB Currito Campos
|
0-0: Ball 1-0: Ball 2-0: Called Strike 2-1: Ground out 5-3 (Groundball, 56)
|
Batting: RHB Eleuterio Supardo
|
0-0: Ball 1-0: Called Strike 1-1: SINGLE (Popup, 2L)
|
Batting: RHB Joe Noble
|
0-0: Ball 1-0: Swinging Strike 1-1: Foul Ball, location: 2F 1-2: SINGLE (Flyball, 89S) Eleuterio Supardo to second Runner from 2nd tries for 3rd, SAFE, no throw
|
Pinch Hitting: SHB Ryan Holcomb
|
0-0: Ball 1-0: Fly out, F7 (Flyball, 7) Runner from 3rd tags up, OUT at HOME
|
Top of the 7th over - 0 run(s), 2 hit(s), 0 error(s), 1 left on base; Nashua 4 - Beaverton 6 |
BOTTOM OF THE 7TH |
Beaverton Bronze Souls batting - Pitching for Nashua Redlegs : LHP Salvatorio Navegero
|
Now in CF: Ryan Holcomb
|
|
Batting: SHB Dawson Fowler
|
0-0: Ball 1-0: Called Strike 1-1: DOUBLE (Line Drive, 7LM)
|
Batting: RHB Carlos Guevara
|
0-0: Fly out, F9 (Line Drive, 9LM)
|
Batting: RHB José Dávila
|
0-0: Foul Ball, location: 2F 0-1: SINGLE (Line Drive, 9S) Dawson Fowler to third Runner from 3rd tries for Home, SAFE, throw made home José Dávila to second
|
Batting: RHB David Kerr
|
0-0: Intentional Walk
|
Batting: LHB Luis Aragón
|
0-0: Called Strike 0-1: Swinging Strike 0-2: Ball 1-2: Strikes out swinging
|
Batting: RHB Joe Brinkman
|
0-0: Ball 1-0: Ball 2-0: Ball 3-0: Swinging Strike 3-1: Swinging Strike 3-2: Strikes out looking
|
Bottom of the 7th over - 1 run(s), 2 hit(s), 0 error(s), 2 left on base; Nashua 4 - Beaverton 7 |
TOP OF THE 8TH |
Nashua Redlegs batting - Pitching for Beaverton Bronze Souls : RHP Ben Hepworth
|
Batting: RHB Alan Evans
|
0-0: Called Strike 0-1: Foul Ball, location: 2F 0-2: Strikes out looking
|
Batting: RHB Juan Hernández
|
0-0: Ball 1-0: Swinging Strike 1-1: SINGLE (Groundball, 6MD)
|
Batting: RHB Katsuhito Ohayashi
|
0-0: Ball 1-0: Ball 2-0: Ball 3-0: Called Strike Pickoff Throw by Catcher to First - Out! 3-1: Called Strike 3-2: Foul Ball, location: 2F 3-2: Strikes out swinging
|
Top of the 8th over - 0 run(s), 1 hit(s), 0 error(s), 0 left on base; Nashua 4 - Beaverton 7 |
BOTTOM OF THE 8TH |
Beaverton Bronze Souls batting - Pitching for Nashua Redlegs : LHP Salvatorio Navegero
|
Batting: SHB Alberto Sandoval
|
0-0: Swinging Strike 0-1: Swinging Strike 0-2: Strikes out looking
|
Batting: RHB Tom Hughes
|
0-0: SINGLE (Groundball, 6MD)
|
Batting: RHB Rusty Anderson
|
0-0: Ball 1-0: Ball 2-0: Called Strike 2-1: Ball 3-1: Foul Ball, location: 2F 3-2: Base on Balls Tom Hughes to second
|
Batting: SHB Dawson Fowler
|
0-0: Ball 1-0: Ball 2-0: Ball 3-0: Called Strike 3-1: Base on Balls Tom Hughes to third Rusty Anderson to second
|
Batting: RHB Carlos Guevara
|
0-0: Called Strike 0-1: Foul Ball, location: 2F 0-2: Strikes out swinging
|
Batting: RHB José Dávila
|
0-0: Fly out, F6 (Line Drive, 6)
|
Bottom of the 8th over - 0 run(s), 1 hit(s), 0 error(s), 3 left on base; Nashua 4 - Beaverton 7 |
TOP OF THE 9TH |
Nashua Redlegs batting - Pitching for Beaverton Bronze Souls : RHP Ben Hepworth
|
Pitching: RHP David Peterson
|
|
Batting: RHB António López
|
0-0: Ball 1-0: Ball 2-0: Swinging Strike 2-1: Ball 3-1: Foul Ball, location: 2F 3-2: Strikes out looking
|
Batting: RHB Gilberto León
|
0-0: Ball 1-0: Swinging Strike 1-1: Ball 2-1: Called Strike 2-2: Strikes out swinging
|
Batting: RHB Currito Campos
|
0-0: Swinging Strike 0-1: Ball 1-1: Called Strike 1-2: Strikes out swinging
|
Top of the 9th over - 0 run(s), 0 hit(s), 0 error(s), 0 left on base; Nashua 4 - Beaverton 7 |
|